Map: Яганната РВ

Players

Hawk - Winner!

  • Race: Protoss Protoss
  • League: Grandmaster
  • Spawn Location: 7:00

GuruVirus (Guru)

  • Race: Zerg Zerg
  • Spawn Location: 1:00

VOD

Have the link to the VOD?

Description

Time

  • Played on: Jan. 23, 2021, 10:20 a.m.
  • Length: 8:43
Show
View Real Time Build Order
Export as new Build Order

Hawk Protoss - Winner!

Build Orders: Nexus First 

Get SALT Encoding   

  12  0:00  Probe  
  13  0:12  Probe  
  14  0:18  Pylon  
  14  0:25  Probe  
  15  0:37  Probe  
  16  0:49  Probe  
  17  1:00  Nexus  
  17  1:12  Forge  
  17  1:19  Pylon  
  17  1:32  Gateway  
  16  1:40  Gateway  
  16  1:45  Photon Cannon  
  16  1:48  Probe (Chrono Boost)  
  17  1:57  Probe (Chrono Boost)  
  17  1:59  Assimilator  
  18  2:02  Probe (Chrono Boost)  
  18  2:07  Assimilator  
  19  2:14  Probe (Chrono Boost)  
  19  2:15  Probe (Chrono Boost)  
  21  2:20  Cybernetics Core  
  22  2:23  Probe (Chrono Boost)  
  22  2:24  Probe (Chrono Boost)  
  22  2:29  Probe (Chrono Boost)  
  24  2:34  Assimilator, Probe (Chrono Boost)  
  25  2:39  Probe (Chrono Boost)  
  25  2:43  Probe (Chrono Boost)  
  27  2:44  Probe (Chrono Boost)  
  28  2:53  Probe  
  28  2:55  Probe  
  28  2:57  Stargate  
  30  3:05  Probe (Chrono Boost)  
  31  3:07  Assimilator  
  31  3:11  Pylon, Probe (Chrono Boost)  
  32  3:17  Probe (Chrono Boost)  
  34  3:22  Probe x2 (Chrono Boost)  
  35  3:27  Pylon  
  35  3:31  Protoss Air Weapons Level 1, Probe  
  35  3:32  Probe  
  37  3:37  Void Ray  
  37  3:46  Probe (Chrono Boost)  
  43  3:49  Probe (Chrono Boost)  
  43  3:54  Zealot, Probe (Chrono Boost)  
  46  3:57  Probe (Chrono Boost)  
  46  4:00  Probe  
  48  4:08  Probe  
  49  4:12  Probe  
  49  4:13  Fleet Beacon  
  50  4:18  Twilight Council  
  50  4:20  Probe  
  51  4:26  Probe  
  52  4:32  Stargate  
  52  4:35  Probe  
  53  4:39  Pylon  
  53  4:43  Pylon  
  53  4:53  Nexus  
  53  4:54  Pylon  
  59  5:07  Probe x2  
  59  5:09  Carrier (Chrono Boost)  
  59  5:10  Carrier (Chrono Boost)  
  61  5:19  Probe x2  
  69  5:22  Photon Cannon  
  69  5:26  Pylon  
  69  5:31  Probe  
  69  5:33  Probe  
  71  5:38  Pylon  
  71  5:43  Probe  
  71  5:45  Probe  
  71  5:47  Protoss Air Weapons Level 2, Assimilator  
  73  5:54  Tempest (Chrono Boost), Assimilator  
  73  5:55  Probe  
  74  5:57  Probe  
  80  6:04  Shield Battery  
  80  6:05  Tempest (Chrono Boost)  
  88  6:37  Tempest (Chrono Boost)  
  88  6:38  Tempest (Chrono Boost)  
  93  6:55  Probe  
  93  7:00  Probe x2  
  96  7:07  Probe  
  97  7:11  Tempest x2 (Chrono Boost)  
  107  7:20  Shield Battery  
  107  7:22  Shield Battery  
  107  7:23  Photon Cannon  
  107  7:25  Pylon  
  107  7:29  Pylon  
  107  7:31  Pylon  
  107  7:46  Tempest (Chrono Boost)  
  113  8:00  Tempest (Chrono Boost)  
  113  8:04  Probe  
  113  8:05  Stargate  
  114  8:06  Stargate  
  114  8:07  Probe x2  
  114  8:08  Stargate  
  114  8:09  Pylon  
  114  8:11  Pylon  
  116  8:14  Pylon  
  116  8:15  Pylon  
  116  8:16  Probe  
  117  8:22  Probe  
  117  8:23  Probe  
  117  8:25  Robotics Facility  
  125  8:28  Probe  
Show
View Real Time Build Order
Export as new Build Order

GuruVirus Zerg 

Build Orders: Pool First 

Get SALT Encoding   

  12  0:17  Spawning Pool  
  11  0:22  Drone  
  11  0:27  Drone  
  13  0:31  Drone  
  14  0:41  Overlord  
  14  1:05  Zergling x4  
  14  1:06  Zergling x2  
  17  1:17  Zergling x2  
  18  1:27  Zergling x2  
  19  1:36  Hatchery  
  19  1:39  Queen  
  20  1:45  Overlord  
  20  1:49  Drone  
  21  1:59  Drone  
  22  2:14  Drone, Queen, Extractor  
  24  2:23  Drone  
  25  2:31  Drone  
  26  2:43  Drone  
  27  2:46  Drone  
  27  2:47  Drone x2  
  27  2:48  Queen  
  27  2:50  Drone  
  33  2:59  Overlord  
  33  3:03  Drone  
  34  3:07  Drone  
  35  3:18  Drone  
  35  3:19  Drone x2  
  38  3:23  Drone  
  38  3:25  Drone  
  40  3:27  Drone  
  40  3:29  Drone  
  40  3:32  Drone  
  43  3:34  Drone  
  43  3:39  Overlord  
  44  3:53  Lair  
  44  3:57  Drone x6  
  44  4:00  Drone x2  
  52  4:05  Overlord  
  52  4:09  Drone, Extractor  
  52  4:10  Drone, Extractor  
  52  4:16  Overlord  
  52  4:24  Drone  
  53  4:27  Drone  
  53  4:30  Drone, Extractor  
  53  4:31  Drone x2  
  56  4:33  Overlord  
  56  4:36  Queen  
  58  4:41  Evolution Chamber  
  58  4:42  Drone  
  58  4:51  Hydralisk Den  
  58  4:52  Queen  
  59  4:54  Drone x2  
  61  5:01  Nydus Network  
  61  5:02  Drone x2  
  62  5:07  Zerg Ground Armor Level 1  
  62  5:12  Queen  
  64  5:20  Hydralisk  
  64  5:21  Grooved Spines  
  66  5:25  Overlord x2  
  66  5:27  Queen  
  68  5:40  Nydus Canal  
  68  5:43  Hydralisk x2  
  68  5:44  Hydralisk x3  
  68  5:47  Hydralisk  
  68  5:48  Queen  
  80  5:58  Drone x2  
  80  6:03  Hydralisk  
  84  6:04  Overlord x2  
  84  6:17  Nydus Canal  
  84  6:18  Hatchery  
  77  6:33  Hydralisk x2  
  77  6:34  Hydralisk x3  
  77  6:36  Nydus Canal  
  77  6:39  Hydralisk  
  85  6:41  Hydralisk  
  85  6:45  Hydralisk  
  85  6:52  Hydralisk  
  85  6:53  Zergling x2  
  86  6:54  Zergling x6  
  86  6:55  Hydralisk  
  86  7:00  Hydralisk  
  93  7:03  Drone x3  
  96  7:13  Nydus Canal  
  96  7:15  Hydralisk  
  96  7:18  Hydralisk  
  98  7:25  Queen  
  98  7:27  Muscular Augments, Overlord  
  98  7:29  Queen  
  99  7:38  Hydralisk  
  99  7:39  Hydralisk  
  99  7:41  Hydralisk  
  93  7:56  Hydralisk x3  
  92  8:01  Zergling x2  
  92  8:02  Zergling x8  
  92  8:03  Queen x2  
  92  8:04  Hydralisk  
  92  8:05  Queen  
  104  8:07  Hydralisk  
  104  8:11  Hydralisk  
  108  8:16  Hydralisk  
  108  8:19  Overlord  
  110  8:24  Nydus Canal  
  110  8:40  Hatchery  
Tags
 
Add a new tag
Caveats
  • Supply blocks, unpowered buildings, or Contaminate may cause inaccurate times.
  • Supply counts are checked every 10 seconds.